 Dungeon Crawl Stone Soup version 0.25-a0-521-gb5d5f98535 (console) character file.

Game seed: 12543911730941340247, levelgen mode: deterministic

161 Kagalorn the Chiller (level 5, -1/38 HPs)
             Began as a Centaur Ice Elementalist on Feb 18, 2020.
             Was an Initiate of Sif Muna.
             Slain by an iguana (4 damage)
             ... on level 4 of the Dungeon.
             The game lasted 00:08:22 (2948 turns).

Kagalorn the Chiller (Centaur Ice Elementalist)     Turns: 2948, Time: 00:08:22

Health: -1/38      AC:  4    Str: 11    XL:     5   Next: 19%
Magic:  1/7        EV:  9    Int: 15    God:    Sif Muna [......]
Gold:   48         SH:  0    Dex:  9    Spells: 6/7 levels left

rFire    . . .     SeeInvis .   (no weapon)
rCold    . . .     Gourm    .   (no shield)
rNeg     . . .     Faith    .   s - +0 robe
rPois    .         Spirit   .   (no helmet)
rElec    .         Reflect  .   (no cloak)
rCorr    .         Harm     .   (no gloves)
MR       +....                  (no barding)
Stlth    +.........             (no amulet)
HPRegen  0.12/turn              h - ring of protection from magic
MPRegen  0.10/turn              (no ring)

@: very slightly contaminated, very quick
A: large, hooves 3, deformed body, speed 2, tough skin 3
a: Renounce Religion


You were on level 4 of the Dungeon.
You worshipped Sif Muna.
Sif Muna was noncommittal.
You were hungry.

You visited 1 branch of the dungeon, and saw 4 of its levels.

You collected 48 gold pieces.

Inventory:

Hand Weapons
 a - a +0 glaive
Missiles
 b - 92 stones (quivered)
 k - 14 arrows
 r - 35 sling bullets
Armour
 s - a +0 robe (worn)
Jewellery
 h - a ring of protection from magic (left hand)
 q - an uncursed ring of ice
Scrolls
 e - a scroll of random uselessness {unknown}
 g - a scroll of blinking
 j - a scroll of remove curse
 o - a scroll of immolation {unknown}
 p - a scroll of fog {unknown}
Potions
 f - 2 potions of degeneration {unknown}
 i - 2 potions of lignification
 l - a potion of curing
 m - a potion of resistance {unknown}
 u - a potion of might {unknown}
 v - 2 potions of haste
Comestibles
 c - 4 rations
 d - 2 chunks of flesh


   Skills:
 - Level 1.3 Dodging
 - Level 1.1 Stealth
 - Level 1.5 Spellcasting
 * Level 6.0 Ice Magic


You had 6 spell levels left.
You knew the following spells:

 Your Spells              Type           Power        Failure   Level  Hunger
a - Freeze                Ice            ###.         1%          1    ##.....

Your spell library contained the following spells:

 Spells                   Type           Power        Failure   Level  Hunger
 Frozen Ramparts          Ice            ###...       6%          3    ####...
 Ozocubu's Armour         Chrm/Ice       ##......     21%         3    ####...
 Hailstorm                Conj/Ice       ##......     56%         4    #####..
 Summon Ice Beast         Ice/Summ       ##......     56%         4    #####..


Dungeon Overview and Level Annotations

Branches:
Dungeon (4/15)
 Temple: D:4-7

Altars:
Dithmenos
Ru
Sif Muna
Xom

Annotations:
D:3 Blork the orc


Innate Abilities, Weirdness & Mutations

You have hooves in place of feet.
Armour fits poorly on your strangely shaped body.
You cover ground very quickly.
You have extremely tough skin. (AC +3)


Message History

* * * LOW HITPOINT WARNING * * *
Casting: Freeze (safe; 1% risk of failure)
Confirm with . or Enter, or press ? or * to list all spells.
Aiming: Freeze (safe; 1% risk of failure)
Press: ? - help, Shift-Dir - straight line, f/p - iguana
Aim: an iguana (heavily wounded)
You freeze the iguana.
The iguana is severely wounded.
The iguana seems to slow down.
You are feeling hungry.
The iguana barely misses you.
Casting: Freeze (safe; 1% risk of failure)
Confirm with . or Enter, or press ? or * to list all spells.
Aiming: Freeze (safe; 1% risk of failure)
Press: ? - help, Shift-Dir - straight line, f/p - iguana
Aim: an iguana (severely wounded, slow)
You freeze the iguana.
The iguana is severely wounded.
The iguana seems to slow down.
The iguana bites you.
You die...

####### #.....#
#..@†.## #...l..####
###......$#
###÷......####%..
.....................
..............###.#..
..............#
..............?.#
###.............#


You could see an iguana.

Vanquished Creatures
  9 adders
  A worm (D:2)
  2 dart slugs
  A leopard gecko (D:3)
  7 giant cockroaches
  12 goblins
  8 hobgoblins
  5 jackals
  2 quokkas
  3 ball pythons
  7 bats
  4 frilled lizards
  4 kobolds
  9 rats
74 creatures vanquished.

Notes
Turn   | Place    | Note
-------+----------+-------------------------------------------
     0 | D:1      | Kagalorn the Centaur Ice Elementalist began the quest for
                  | the Orb.
     0 | D:1      | Reached XP level 1. HP: 14/14 MP: 3/3
   253 | D:1      | Reached skill level 4 in Ice Magic
   274 | D:1      | Reached XP level 2. HP: 8/20 MP: 0/4
  1025 | D:2      | Reached XP level 3. HP: 18/26 MP: 1/5
  1201 | D:2      | Found a shimmering altar of Xom.
  1233 | D:2      | Found a shimmering altar of Xom.
  1233 | D:2      | Found a shimmering altar of Xom.
  1238 | D:2      | Found a shimmering altar of Xom.
  1238 | D:2      | Found a shimmering altar of Xom.
  1469 | D:2      | Reached skill level 5 in Ice Magic
  1488 | D:2      | Reached XP level 4. HP: 25/33 MP: 1/6
  1742 | D:2      | Found a sacrificial altar of Ru.
  1830 | D:2      | Found a shadowy altar of Dithmenos.
  2408 | D:3      | Reached XP level 5. HP: 26/38 MP: 4/7
  2662 | D:3      | Noticed Blork the orc
  2827 | D:3      | Found a shimmering blue altar of Sif Muna.
  2835 | D:3      | Became a worshipper of Sif Muna the Loreminder
  2945 | D:4      | Reached skill level 6 in Ice Magic
  2948 | D:4      | Slain by an iguana

Levels and vault maps discovered:
D:1:      psy_arrival_radial01, layout_basic
D:2:      minmay_recursive_quarters, layout_basic,
          nicolae_ru_sacrificial_ziggurat, xom_redecorated,
          roderic_roman_lattice, nicolae_dithmenos_shadow_blocks
D:3:      layout_rooms, tgw_sif, first_ration
D:4:      layout_rooms, lemuel_crystal_altar, temple_doors_ab,
          okawaru_metal_pillars_1_2, uniq_edmund

Skill      XL: |  1  2  3  4  5 |
---------------+----------------+-----
Ice Magic      | 4 5 6 |  6.0
Dodging        | |  1.3
Stealth        | |  1.1
Spellcasting   | |  1.5

Action                   |  1- 3 |  4- 6 || total
-------------------------+-------+-------++-------
Melee: Dagger            |    51 |    52 ||   103
       Kick              |    10 |    14 ||    24
       Unarmed           |     3 |    18 ||    21
       Glaive            |       |    45 ||    45
 Cast: Freeze            |    38 |    58 ||    96
  Use: Scroll            |       |     5 ||     5
 Stab: Sleeping          |     1 |       ||     1
  Eat: Chunk             |     1 |     6 ||     7
Armor: Robe              |    26 |    71 ||    97
Dodge: Dodged            |    34 |   104 ||   138

Table legend:
 A = Non-vault XP
 B = Vault XP
 C = Vault XP percentage of total XP
 D = Non-vault monster count
 E = Vault monster count
 F = Vault count percentage of total count
                 A         B        C        D         E       F
            +---------+---------+-------+---------+---------+-------
      Total |     204 |      27 |  11.7 |      67 |       7 |   9.5
            +---------+---------+-------+---------+---------+-------
        D:1 |      33 |       0 |   0.0 |      21 |       0 |   0.0
        D:2 |      84 |      27 |  24.3 |      22 |       7 |  24.1
        D:3 |      72 |       0 |   0.0 |      22 |       0 |   0.0
        D:4 |      15 |       0 |   0.0 |       2 |       0 |   0.0
            +---------+---------+-------+---------+---------+-------
